 Dungeon Crawl Stone Soup version 0.17-a0-1751-g9fa07f0 (webtiles) character file.

95 TuckyLangle the Gusty (level 4, -3/24 HPs)
             Began as a Tengu Air Elementalist on Sept 1, 2015.
             Was an Initiate of Qazlal.
             Slain by a gnoll
             ... wielding a +0 club
              (5 damage)
             ... on level 2 of the Dungeon.
             The game lasted 00:13:43 (2752 turns).

TuckyLangle the Gusty (Tengu Air Elementalist)      Turns: 2752, Time: 00:13:46

Health: -3/24      AC:  2    Str:  8    XL:     4   Next: 65%
Magic:  3/8        EV: 12    Int: 16    God:    Qazlal [......]
Gold:   31         SH:  0    Dex: 15    Spells: 2 memorised, 3 levels left

rFire  . . .     SeeInvis +     (no weapon)
rCold  . . .     Clarity  .     a - +0 robe
rNeg   . . .     SustAt   .     (no shield)
rPois  .         Gourm    .     (helmet restricted)
rElec  .         Spirit   .     (no cloak)
rCorr  .         Warding  .     (no gloves)
rMut   .         Stasis   .     (boots unavailable)
MR     .....                    (no amulet)
Stlth  +.........               (no ring)
                                j - ring of see invisible

@: confused, not resistant to hostile enchantments, very unstealthy
A: beak, talons 3
a: Renounce Religion


You were on level 2 of the Dungeon.
You worshipped Qazlal.
Qazlal was noncommittal.
You were very hungry.

You visited 1 branch of the dungeon, and saw 2 of its levels.

You collected 31 gold pieces.

Inventory:

Armour
 a - a +0 robe (worn)
Jewellery
 j - a ring of see invisible (left hand)
Scrolls
 h - a scroll of fog
Potions
 d - 2 potions of haste
 e - 2 potions of curing
Books
 b - a book of Air

   Spells                             Type                      Level
   a - Shock                          Conjuration/Air              1
   b - Swiftness                      Charms/Air                   2
   c - Repel Missiles                 Charms/Air                   2
   d - Static Discharge               Conjuration/Air              3
   e - Lightning Bolt                 Conjuration/Air              5
Comestibles
 c - 4 bread rations


   Skills:
 - Level 2.1 Dodging
 - Level 2.0 Stealth
 - Level 2.0 Spellcasting
 * Level 3.6 Conjurations
 - Level 6.0 Air Magic


You had 3 spell levels left.
You knew the following spells:

 Your Spells              Type           Power        Failure   Level  Hunger
a - Shock                 Conj/Air       ###.         3%          1    #......
b - Static Discharge      Conj/Air       ###.....     12%         3    ###....


Dungeon Overview and Level Annotations

Branches:
Dungeon (2/15)

Altars:
Okawaru
Qazlal
Trog
The Shining One


Innate Abilities, Weirdness & Mutations

You have a beak for a mouth.
You have claws for feet.


Message History

The gnoll is severely wounded.
You are feeling very hungry.
The gnoll misses you.
Casting: Shock
Confirm with . or Enter, or press ? or * to list all spells.
You don't know that spell.
Drink which item? (? for menu, Esc to quit)
It was a potion of curing.
You feel better. The gnoll hits you with a club!
The gnoll hits you from afar with a spear!
Casting: Shock
Confirm with . or Enter, or press ? or * to list all spells.
Okay, then.
Drink which item? (? for menu, Esc to quit)
It was a potion of ambrosia.
You are confused.
You feel invigorated.
The gnoll hits you from afar with a spear!
* * * LOW HITPOINT WARNING * * *
The gnoll hits you with a club.
You die...

.# #.# #.# .# #.#
#.# .# #.# #.# ##
#.# #g# # #.# #.# #
#.# #§# #.# #g# #.#
#§# #.# #@#
#########.# #g#
..........# #§#
########### #.#
..........# #.#
#########.# #.#
......###.######.##
.####.............#
.########.#########


You could see 2 gnolls.

Vanquished Creatures
  2 gnolls (D:2)
  2 adders (D:2)
  2 oozes
  3 worms (D:2)
  A giant gecko (D:1)
  7 hobgoblins
  4 kobolds
  4 bats
  2 giant cockroaches
  2 giant newts
  8 goblins
  2 quokkas (D:2)
  5 rats
44 creatures vanquished.

Notes
Turn   | Place    | Note
--------------------------------------------------------------
     0 | D:1      | TuckyLangle the Tengu Air Elementalist began the quest for the Orb.
     0 | D:1      | Reached XP level 1. HP: 10/10 MP: 4/4
   238 | D:1      | Reached XP level 2. HP: 15/15 MP: 3/6
   441 | D:1      | Reached skill level 5 in Air Magic
   822 | D:1      | Reached XP level 3. HP: 19/19 MP: 4/7
  1433 | D:2      | Learned a level 3 spell: Static Discharge
  1452 | D:2      | Found a bloodstained altar of Trog.
  1452 | D:2      | Found an iron altar of Okawaru.
  1563 | D:2      | Reached skill level 6 in Air Magic
  1808 | D:2      | Found a glowing golden altar of the Shining One.
  1808 | D:2      | Found a stormy altar of Qazlal.
  1815 | D:2      | Became a worshipper of Qazlal Stormbringer
  1876 | D:2      | Reached XP level 4. HP: 24/24 MP: 0/8
  2752 | D:2      | Slain by a gnoll

Vault maps used:
D:1:      nicolae_arrival_washed_ashore, corner_web_ring, nrook_uturn
D:2:      gammafunk_temple_overflow_elements, gammafunk_temple_overflow_wave,
          first_bread

Action                   |  1- 3 |  4- 6 || total
-------------------------+-------+-------++-------
Melee: Unarmed           |     1 |     2 ||     3
 Cast: Shock             |    73 |    45 ||   118
       Static Discharge  |     1 |     2 ||     3
  Use: Scroll            |       |     7 ||     7
       Potion            |       |     2 ||     2
  Eat: Beef jerky        |     2 |       ||     2
       Chunk             |     1 |     3 ||     4
